 Dungeon Crawl Stone Soup version 0.18-a0-1157-g59db91b (webtiles) character file.

5374 George the Carver (level 10, -25/77 HPs)
             Began as a Minotaur Fighter on Jan 23, 2016.
             Was an Elder of Okawaru.
             Killed from afar by st0uf's ghost (29 damage)
             ... with a bolt of negative energy
             ... on level 9 of the Dungeon.
             The game lasted 00:20:43 (9515 turns).

George the Carver (Minotaur Fighter)                Turns: 9515, Time: 00:20:44

Health: -25/77     AC: 13    Str: 28    XL:     10   Next: 39%
Magic:  0/16       EV:  1    Int:  9    God:    Okawaru [****..]
Gold:   371        SH: 12    Dex: 11    Spells: 0 memorised, 9 levels left

rFire  . . .     SeeInvis .     a - +1 long sword
rCold  . . .     Gourm    .     n - +0 plate armour
rNeg   . . .     Faith    .     c - +1 shield
rPois  .         Spirit   +     (helmet restricted)
rElec  .         Dismiss  .     (no cloak)
rCorr  .         Reflect  .     w - +0 pair of gloves
SustAt .         Harm     .     (no boots)
MR     .....                    u - amulet of guardian spirit
Stlth  ..........               (no ring)
                                h - +4 ring of intelligence

@: mighty, heroism, finesse, very heavily drained, not resistant to hostile
enchantments, extremely unstealthy
A: retaliatory headbutt, horns 2
a: Heroism, Renounce Religion


You were on level 9 of the Dungeon.
You worshipped Okawaru.
Okawaru was greatly pleased with you.
You were hungry.

You visited 2 branches of the dungeon, and saw 10 of its levels.

You collected 551 gold pieces.
You spent 180 gold pieces at shops.

Inventory:

Hand Weapons
 a - a +1 long sword (weapon)
 R - a +0 rapier
 T - a +2 short sword of venom
Missiles
 U - a throwing net (quivered)
Armour
 c - a +1 shield (worn)
 n - a +0 plate armour (worn)
 w - a +0 pair of gloves (worn)
Jewellery
 h - a +4 ring of intelligence (left hand)
 u - an amulet of guardian spirit (around neck)
 x - an uncursed ring of ice
Wands
 N - a wand of magic darts (14/48)
 O - a wand of magic darts (15/48)
 P - a wand of flame (31/48)
Scrolls
 g - 2 scrolls of remove curse
 l - 4 scrolls of teleportation
 y - a scroll of immolation
 A - 3 scrolls of enchant weapon
 H - 2 scrolls of magic mapping
 I - 2 scrolls of blinking
 M - 2 scrolls of fear
 Q - a scroll of enchant armour
Potions
 d - 2 potions of might
 i - a potion of mutation
 o - a potion of invisibility
 p - 2 potions of flight
 t - a potion of agility
 C - 4 potions of curing
 F - 6 potions of heal wounds
 K - a potion of ambrosia {unknown}
 S - a potion of poison {unknown}
Miscellaneous
 r - a plain deck of escape {drawn: 2}
Comestibles
 f - 3 bread rations
 j - 2 slices of pizza
 D - 4 meat rations
 E - 2 beef jerkies
 V - 3 chunks of flesh


   Skills:
 - Level 3.6(5.3) Fighting
 + Level 13.2(14.1) Long Blades
 - Level 3.6(5.3) Armour
 - Level 3.6(5.3) Shields
 + Level 10.6(7.1) Invocations


You had 9 spell levels left.
You didn't know any spells.

Dungeon Overview and Level Annotations

Branches:
Dungeon (9/15)             Temple (1/1) D:6
   Lair: D:8-11         Orc: D:9-12

Altars:
Ashenzari
Cheibriados
Dithmenos
Elyvilon
Fedhas
Gozag
Kikubaaqudgha
Makhleb
Nemelex Xobeh
Okawaru
Pakellas
Qazlal
Ru
Sif Muna
Trog
Vehumet
Xom
Yredelemnul
Zin
The Shining One

Shops:
D:6 !%(=   D:8 :

Annotations:
D:9 st0uf's ghost, novice DrTm


Innate Abilities, Weirdness & Mutations

You reflexively headbutt those who attack you in melee.
You have a pair of horns on your head.


Message History

Drink which item? (? for menu, Esc to quit)
You feel very mighty all of a sudden.
St0uf's ghost hits you but does no damage.
You completely miss st0uf's ghost. Your headbutt misses st0uf's ghost.
St0uf's ghost is lightly damaged.
You miss st0uf's ghost.
St0uf's ghost is lightly damaged.
You block st0uf's ghost's attack.
You completely miss st0uf's ghost.
St0uf's ghost is lightly damaged.
You miss st0uf's ghost.
St0uf's ghost is lightly damaged.
You slice st0uf's ghost!! Your headbutt misses st0uf's ghost.
St0uf's ghost is moderately damaged.
St0uf's ghost breathes negative energy at you.
The bolt of negative energy hits you!
You feel drained.
* * * LOW HITPOINT WARNING * * *
St0uf's ghost breathes negative energy at you.
The bolt of negative energy hits you!
You feel drained.
You die...

## ####..# .. #.
..#..#.# #.
#.#....##. # #.
#.#....... #. #.
#..(.# #.
####.#...oo.o ##
#.##.##.##########.
#...#.[.##.......#.
##@###[###.......#.
#W.#...##.......#.
#.#.##.##.....([(.
#.#..#.##.......##
#.##.#.##.....W.#
#......##.g.g((.##
####.###.#####(...
#.gW...# #.###
#####.## #)###


You could see st0uf's ghost.

Vanquished Creatures
  Pikel (D:4)
  A two-headed ogre (D:9)
  Grinder (D:4)
  Sigmund (D:6)
  A hungry ghost (D:8)
  3 hippogriffs
  Menkaure (D:6)
  5 orc warriors
  2 sky beasts
  A necrophage (D:9)
  An ice beast (D:7)
  A black bear (D:8)
  4 phantoms
  3 ogres
  4 centaurs
  5 giant frogs
  A wyvern zombie (D:8)
  4 jellies (D:9)
  5 killer bees (D:9)
  3 wights (D:6)
  3 crimson imps
  A hound (D:5)
  A gnoll shaman (D:8)
  5 orc priests
  7 orc wizards
  2 centaur skeletons
  Ijyb (D:2)
  Terence (D:3)
  5 worker ants
  Natasha (twice) (D:3)
  A hound zombie (D:6)
  2 worker ant zombies
  8 gnolls
  7 adders
  An ooze (D:1)
  2 adder skeletons
  2 worms
  7 giant geckos
  14 orcs
  12 bats
  9 giant cockroaches
  6 goblins
  8 hobgoblins
  6 jackals
  5 quokkas
  A giant gecko zombie (D:6)
  7 giant newts
  9 kobolds
  A quokka skeleton (D:7)
  8 rats
192 creatures vanquished.

Vanquished Creatures (others)
  4 yaks (D:9)
  An orc warrior (D:9)
  2 giant frogs (D:9)
  A crimson imp (D:5)
  A hound (D:9)
  Natasha (D:5)
  2 gnolls (D:9)
  An adder (D:9)
  5 orcs (D:5)
  A quokka (D:9)
  A jackal skeleton (D:9)
20 creatures vanquished.

Grand Total: 212 creatures vanquished

Notes
Turn   | Place    | Note
--------------------------------------------------------------
     0 | D:1      | George the Minotaur Fighter began the quest for the Orb.
     0 | D:1      | Reached XP level 1. HP: 19/19 MP: 0/0
    80 | D:1      | Reached XP level 2. HP: 26/26 MP: 1/1
   339 | D:1      | Reached skill level 4 in Long Blades
   392 | D:1      | You fall through a shaft!
   425 | D:2      | Reached XP level 3. HP: 27/31 MP: 2/2
   469 | D:2      | Noticed Ijyb
   470 | D:2      | Found a sparkling altar of Nemelex Xobeh.
   488 | D:2      | Killed Ijyb
   488 | D:2      | Reached skill level 5 in Long Blades
   488 | D:2      | Reached XP level 4. HP: 37/39 MP: 3/3
   544 | D:2      | Found a bloodstained altar of Trog.
   617 | D:2      | Found a blossoming altar of Fedhas.
  1140 | D:2      | Found an iron altar of Okawaru.
  1147 | D:2      | Became a worshipper of Warmaster Okawaru
  1276 | D:2      | Found a basalt altar of Yredelemnul.
  1653 | D:3      | Noticed Natasha
  1659 | D:3      | Killed Natasha
  1659 | D:3      | Reached skill level 1 in Invocations
  1747 | D:3      | Found a stormy altar of Qazlal.
  1793 | D:3      | Reached skill level 6 in Long Blades
  1815 | D:3      | Reached XP level 5. HP: 42/45 MP: 4/4
  1863 | D:3      | Noticed Natasha
  1866 | D:3      | Killed Natasha
  1923 | D:3      | Noticed Grinder
  2303 | D:3      | Noticed Terence
  2319 | D:3      | Killed Terence
  2583 | D:4      | Found a sacrificial altar of Ru.
  2685 | D:4      | Paralysed by Grinder for 5 turns
  2690 | D:4      | Killed Grinder
  2690 | D:4      | Reached * piety under Okawaru
  2690 | D:4      | Reached skill level 7 in Long Blades
  2690 | D:4      | Reached XP level 6. HP: 35/51 MP: 4/7
  3111 | D:5      | Entered Level 5 of the Dungeon
  3121 | D:5      | Noticed Pikel
  3121 | D:5      | Noticed a slave
  3121 | D:5      | Noticed a slave
  3123 | D:5      | Noticed a slave
  3124 | D:5      | Noticed a slave
  3137 | D:5      | Noticed Natasha
  3164 | D:4      | Killed Pikel
  3164 | D:4      | Reached ** piety under Okawaru
  3164 | D:4      | Reached skill level 8 in Long Blades
  3164 | D:4      | Reached skill level 5 in Invocations
  3164 | D:4      | Reached XP level 7. HP: 39/57 MP: 6/9
  3263 | D:5      | Killed Natasha
  3288 | D:5      | Noticed a hippogriff
  3298 | D:5      | Killed a hippogriff
  3298 | D:5      | Reached skill level 9 in Long Blades
  3311 | D:5      | Reached XP level 8. HP: 46/64 MP: 8/11
  3374 | D:5      | Reached *** piety under Okawaru
  3833 | D:6      | Found Reto's Food Boutique.
  3882 | D:6      | Found Enyethy's Antique Weapon Emporium.
  3887 | D:6      | Found Edeu's Jewellery Shop.
  3986 | D:6      | Noticed Sigmund
  3993 | D:6      | Killed Sigmund
  3993 | D:6      | Reached skill level 10 in Long Blades
  4038 | D:6      | Found Musuf's Distillery.
  4043 | D:6      | Bought a potion of heal wounds for 60 gold pieces
  4043 | D:6      | Bought 2 potions of heal wounds for 120 gold pieces
  4066 | D:6      | Found a shattered altar of Ashenzari.
  4112 | D:6      | Found a staircase to the Ecumenical Temple.
  4121 | Temple   | Entered the Ecumenical Temple
  4259 | D:6      | Noticed Menkaure
  4281 | D:6      | Killed Menkaure
  4629 | D:6      | Reached **** piety under Okawaru
  4642 | D:6      | Reached XP level 9. HP: 67/70 MP: 11/13
  5097 | D:7      | Reached skill level 11 in Long Blades
  5837 | D:7      | Found a deep blue altar of Sif Muna.
  5875 | D:7      | Found a glowing silver altar of Zin.
  5876 | D:7      | Found an opulent altar of Gozag.
  5980 | D:8      | Found Dupeacke's Book Shop.
  6491 | D:8      | Found a glowing golden altar of the Shining One.
  6491 | D:8      | Found a stormy altar of Qazlal.
  6660 | D:8      | Reached skill level 12 in Long Blades
  6984 | D:8      | Found a burning altar of Makhleb.
  7268 | D:9      | Noticed st0uf's ghost (novice DrTm)
  7659 | D:8      | Reached ***** piety under Okawaru
  7706 | D:9      | Reached XP level 10. HP: 66/77 MP: 11/16
  8020 | D:8      | Reached skill level 10 in Invocations
  8428 | D:9      | Reached skill level 13 in Long Blades
  9195 | D:9      | Found a shimmering altar of Xom.
  9333 | D:9      | Found a shadowy altar of Dithmenos.
  9515 | D:9      | Killed from afar by st0uf's ghost

Vault maps used:
D:1:      dpeg_arrival_ternary, minmay_misc_feat_more_columns, item_on_display_a
D:2:      lemuel_crystal_altar, marbit_many_paths, nemelex_deck,
          okawaru_gym_becter, first_bread, trog_book, uniq_iyjb
D:3:      grunt_qazlal_sundering, uniq_terence, uniq_grinder, uniq_natasha
D:4:      nicolae_overflow_crystal_walls, serial_forest,
          infiniplex_forest_straight_1, infiniplex_forest_clump_cross,
          infiniplex_forest_straight_2, infiniplex_forest_lined_3,
          infiniplex_forest_lined_4_way
D:5:      uniq_pikel
D:6:      minmay_temple_entry_mist, serial_shops, kennysheep_mini,
          nicolae_shop_overgrown_old_shop, nicolae_shop_statue_plus, shop,
          evilmike_ruin_ashenzari, uniq_sigmund, uniq_menkaure
D:7:      grunt_temple_overflow_gold_and_silver, lemuel_blue_sif_altar
D:8:      kennysheep_blocky_room, gammafunk_temple_overflow_statue,
          makhleb_grotto_becter, serial_shops, kennysheep_little_box
D:9:      lemuel_round_altar, xom_confusion_cloud
Temple:   circular_temple_6

Action                   |  1- 3 |  4- 6 |  7- 9 | 10-12 || total
-------------------------+-------+-------+-------+-------++-------
Melee: Long sword        |    76 |   186 |   352 |   186 ||   800
Invok: Heroism           |       |       |     4 |     3 ||     7
       Finesse           |       |       |       |     1 ||     1
Evoke: Deck              |       |     2 |       |       ||     2
       Wand              |       |       |     3 |       ||     3
  Use: Scroll            |       |    11 |     8 |       ||    19
       Potion            |       |       |       |     1 ||     1
  Eat: Chunk             |       |     5 |    16 |     6 ||    27
       Pizza             |       |     1 |     1 |       ||     2
